 Dungeon Crawl Stone Soup version 0.23.2-33-g5129a83184 (webtiles) character file.

Game seed: 14581777995212752048

47 Folque the Conjurer (level 3, -1/28 HPs)
             Began as a Demigod Conjurer on July 12, 2019.
             Slain by an orc (2 damage)
             ... on level 2 of the Dungeon.
             The game lasted 00:04:33 (1786 turns).

Folque the Conjurer (Demigod Conjurer)              Turns: 1786, Time: 00:04:34

Health: -1/28      AC:  2    Str: 11    XL:     3   Next: 29%
Magic:  0/9        EV: 12    Int: 21    God:
Gold:   76         SH:  0    Dex: 16    Spells: 4/7 levels left

rFire    . . .     SeeInvis .   s - +0 short sword
rCold    . . .     Gourm    .   (no shield)
rNeg     . . .     Faith    .   a - +0 robe
rPois    .         Spirit   .   (no helmet)
rElec    .         Reflect  .   (no cloak)
rCorr    .         Harm     .   (no gloves)
MR       .....                  (no boots)
Stlth    ++........             (no amulet)
HPRegen  0.09/turn              (no ring)
MPRegen  0.11/turn              (no ring)

@: no status effects
A: high mp 1
a: no special abilities


You were on level 2 of the Dungeon.
You were not hungry.

You visited 1 branch of the dungeon, and saw 3 of its levels.

You collected 76 gold pieces.

Inventory:

Hand Weapons
 e - a +0 club
 h - a +1 whip of electrocution
 s - a +0 short sword (weapon)
Missiles
 i - 4 javelins (quivered)
Armour
 a - a +0 robe (worn)
Scrolls
 b - a scroll of blinking {unknown}
 j - 5 scrolls of identify {unknown}
 k - a scroll of immolation {unknown}
 n - a scroll of enchant armour {unknown}
 q - a scroll of teleportation {unknown}
 r - a scroll of magic mapping {unknown}
Potions
 f - a potion of agility {unknown}
 g - a potion of degeneration {unknown}
 l - a potion of haste {unknown}
 m - a potion of ambrosia {unknown}
 o - a potion of flight {unknown}
 p - a potion of berserk rage {unknown}
Comestibles
 c - 5 rations
 d - 8 chunks of flesh


   Skills:
 - Level 1.0 Fighting
 - Level 1.7 Dodging
 - Level 1.7 Stealth
 * Level 2.5 Spellcasting
 + Level 4.1 Conjurations


You had 4 spell levels left.
You knew the following spells:

 Your Spells              Type           Power        Failure   Level  Hunger
a - Magic Dart            Conj           ###.         2%          1    None
b - Searing Ray           Conj           ###...       3%          2    ##.....

Your spell library contained the following spells:

 Spells                   Type           Power        Failure   Level  Hunger
 Dazzling Spray           Conj/Hex       ##....       19%         3    ###....
 Iskenderun's Mystic Bla  Conj           ###.....     26%         4    ####...
 Force Lance              Conj/Tloc      ##......     52%         4    ####...
 Fulminant Prism          Conj/Hex       ##........   52%         4    ####...


Dungeon Overview and Level Annotations

Branches:
Dungeon (3/15)


Innate Abilities, Weirdness & Mutations

You have an increased reservoir of magic. (+10% MP)


Message History

Press: ? - help, Shift-Dir - straight line, f/p - orc
Aim: an orc, wearing a +0 chain mail (almost dead)
The magic dart hits the orc but does no damage.
The orc is almost dead.
Casting: Magic Dart (safe; 2% risk of failure)
Confirm with . or Enter, or press ? or * to list all spells.
Aiming: Magic Dart (safe; 2% risk of failure)
Press: ? - help, Shift-Dir - straight line, f/p - orc
Aim: an orc, wearing a +0 chain mail (severely wounded)
The magic dart hits the orc but does no damage.
The orc is severely wounded.
The orc misses you.
You hit the orc but do no damage.
The orc is severely wounded.
The orc hits you.
* * * LOW HITPOINT WARNING * * *
You hit the orc.
The orc is almost dead.
The orc closely misses you. The orc hits you.
You die...

.....#.##..............#
.....#[##.r..♣._.♣...#.#
####.#..#...........##.#
###.##.#..#≈..♣..≈###.#
#....#...##≈≈...≈≈# #.#
#....#....###...### #.#
#....#..>## ##.######.#
#....#.#.# #........#
#....#.#.# ##@#######
#....#.#.######o# #######
##..^.#..........# #.....#
......###.#############.###.#
.#....# #...................#
.###### ###############.#####
.# #.#.# .# #####.#.# ##
#.......#


You could see an orc and a neutral quokka (wandering).

Vanquished Creatures
  2 worms (D:2)
  A dart slug (D:1)
  3 leopard geckos (D:2)
  2 orcs (D:3)
  4 goblins
  6 hobgoblins
  2 kobolds
  5 bats
  3 frilled lizards
  7 rats
35 creatures vanquished.

Notes
Turn   | Place    | Note
-------+----------+-------------------------------------------
     0 | D:1      | Folque the Demigod Conjurer began the quest for the Orb.
     0 | D:1      | Reached XP level 1. HP: 14/14 MP: 5/5
   254 | D:1      | Reached XP level 2. HP: 6/22 MP: 5/7
   889 | D:2      | Reached skill level 4 in Conjurations
   913 | D:2      | Learned a level 2 spell: Searing Ray
  1241 | D:2      | Found a white marble altar of Elyvilon.
  1252 | D:2      | Reached skill level 1 in Fighting
  1576 | D:2      | Reached XP level 3. HP: 28/28 MP: 3/9
  1785 | D:2      | HP: 1/28 [orc (4)]
  1786 | D:2      | Slain by an orc

Skill      XL: |  1  2 |
---------------+-------+-----
Spellcasting   | 2 |  2.5
Conjurations   | 4 |  4.1
Fighting       | 1 |  1.0
Dodging        | |  1.7
Stealth        | |  1.7

Action                   || total
-------------------------++-------
Melee: Club              ||    66
       Unarmed           ||     3
       Short sword       ||    27
 Cast: Magic Dart        ||    31
       Searing Ray       ||     5
 Stab: Sleeping          ||     2
  Eat: Chunk             ||     3
Armor: Robe              ||    19
Dodge: Dodged            ||    83
